 Dungeon Crawl Stone Soup version 0.31-a0-627-gd65175cf8b (webtiles) character file.

Game seed: 6335105656668592144

7 Essalna the Ruffian (level 1, 0/15 HPs)
             Began as a Demonspawn Shapeshifter on Aug 25, 2023.
             Slain by a jackal (2 damage)
             ... on level 1 of the Dungeon.
             The game lasted 00:00:17 (97 turns).

Essalna the Ruffian (Demonspawn Shapeshifter)         Turns: 97, Time: 00:00:17

Health: 0/15       AC:  2    Str: 15    XL:     1   Next: 91%
Magic:  1/1        EV: 12    Int:  9    God:
Gold:   0          SH:  0    Dex: 13    Spells: 0/0 levels left

rFire   . .          .
                       - Unarmed
rCold   . . .        (no shield)
rNeg    . . .        a - +0 animal skin
rPois   .            (helmet currently unavailable)
rElec   .            (cloak currently unavailable)
rCorr   .            (gloves currently unavailable)
SInv    .            (boots currently unavailable)
Will    .....        (no amulet)
Stlth   +            (no ring)
HPRegen 0.22/turn    (no ring)
MPRegen 0.07/turn

%: no passive effects
@: beast-form
A: beast (slay +1)
a: Begin Untransformation


You were on level 1 of the Dungeon.
You were a hulking beast.
You visited 1 branch of the dungeon, and saw 1 of its levels.

Inventory:

Armour
 a - a +0 animal skin (worn)
Talismans
 c - a beast talisman (active)
 d - a flux talisman
Potions
 b - a potion of lignification


   Skills:
 + Level 1.3 Fighting
 - Level 1.7 Dodging
 + Level 2.8 Unarmed Combat
 + Level 2.8 Shapeshifting


You couldn't memorise any spells.
You didn't know any spells.
Your spell library was empty.

Dungeon Overview and Level Annotations

Branches:
Dungeon (1/15)

Altars:


Message History

You are too injured to fight recklessly!
You are too injured to fight recklessly!
You are too injured to fight recklessly!
You are too injured to fight recklessly!
You are too injured to fight recklessly!
You are too injured to fight recklessly!
You are too injured to fight recklessly!
You are too injured to fight recklessly!
The endoplasm attacks as it pursues you!
The endoplasm barely misses you.
A frilled lizard comes into view.
A jackal comes into view.
The frilled lizard hisses angrily.
You hit the endoplasm.
The endoplasm is almost dead.
The endoplasm closely misses you.
You punch the endoplasm!
You kill the endoplasm!
You hit the goblin.
You kill the goblin!
The frilled lizard bites you. The jackal bites you.
You hit the jackal.
The jackal is almost dead.
The frilled lizard barely misses you. The jackal bites you.
* * * LOW HITPOINT WARNING * * *
The jackal bites you.
* * * LOW HITPOINT WARNING * * *
The jackal barely misses you.
You see here a +0 dagger.
You hit the jackal.
The jackal is lightly wounded.
The jackal closely misses you. The jackal bites you.
* * * LOW HITPOINT WARNING * * *
The jackal bites you.
* * * LOW HITPOINT WARNING * * *
The frilled lizard barely misses you.
You hit the frilled lizard.
You kill the frilled lizard!
The jackal bites you.
You die...

# #.........# #
#.........# #
#.........# #
#........#####
#####
#.)...........
....####.†.......#
#.#......#.......##
#...#####.######.h#
##### ### #h#..#
#h.### #.... ##.###
.# .# ?# ..


You could see 2 jackals.

Vanquished Creatures
  A ball python (D:1)
  A bat (D:1)
  An endoplasm (D:1)
  2 goblins (D:1)
  A frilled lizard (D:1)
  A rat (D:1)
7 creatures vanquished.

Notes
Turn   | Place    | Note
-------+----------+-------------------------------------------
     0 | D:1      | Essalna the Demonspawn Shapeshifter began the quest for the
                  | Orb.
     0 | D:1      | Reached XP level 1. HP: 15/15 MP: 1/1
    97 | D:1      | Slain by a jackal

Illustrated notes

Levels and vault maps discovered:
D:1:      tarquinn_simple_flora_water_a, layout_loops_cross

Action                     || total
---------------------------++-------
  Melee: Unarmed           ||    19
 Armour: Animal skin       ||     1
  Dodge: Dodged            ||    18

Table legend: (Time is in decaauts)
 A = Elapsed time spent in this place.
 B = Non-inter-level travel time spent in this place.
 C = Inter-level travel time spent in this place.
 D = Time resting spent in this place.
 E = Time spent auto-exploring this place.
 F = Levels seen in this place.
 G = Mean time per level.
                   A        B        C        D        E       F      G
               +--------+--------+--------+--------+--------+-----+--------+
         Total |     96 |     96 |      0 |      0 |     57 |   1 |   96.0 |
       Dungeon |     96 |     96 |      0 |      0 |     57 |   1 |   96.0 |
               +--------+--------+--------+--------+--------+-----+--------+

Top non-repeatable levels by time:
     D:1: 96 daAuts
